 Dungeon Crawl Stone Soup version 0.29-a0-275-g389c0b56f3 (webtiles) character file.

Game seed: 17706171622417815159

35 kae the Ruffian (level 3, 0/28 HPs)
             Began as a Draconian Transmuter on Mar 10, 2022.
             Succumbed to an adder's poison
             ... on level 2 of the Dungeon.
             The game lasted 00:00:25 (1013 turns).

kae the Ruffian (Draconian Transmuter)              Turns: 1013, Time: 00:00:25

Health: 0/28       AC:  5    Str: 11 (12) XL:     3   Next: 17%
Magic:  6/6        EV: 12    Int: 14 (15) God:
Gold:   89         SH:  0    Dex:  8 (11) Spells: 5/6 levels left

rFire   + . .      SeeInvis .     - Unarmed
rCold   . . .      Faith    .   (no shield)
rNeg    . . .      Spirit   .   (body armour unavailable)
rPois   .          Reflect  .   (helmet restricted)
rElec   .          Harm     .   (no cloak)
rCorr   .          Rampage  .   (no gloves)
Will    .....                   (no boots)
Stlth   +.........              (no amulet)
HPRegen 0.09/turn               e - ring of protection from fire
MPRegen 0.10/turn               (no ring)

@: brilliant, lethally poisoned (0 -> -1)
A: AC +5, unfitting armour, cold-blooded
a: no special abilities


You were on level 2 of the Dungeon.
You visited 1 branch of the dungeon, and saw 2 of its levels.

You collected 89 gold pieces.

Inventory:

Missiles
 h - 2 throwing nets
Jewellery
 e - a ring of protection from fire (left hand)
Scrolls
 b - 2 scrolls of identify {unknown}
 f - a scroll of noise {unknown}
 i - a scroll of enchant armour {unknown}
Potions
 a - a potion of lignification
 g - 2 potions of curing {unknown}


   Skills:
 + Level 1.5 Fighting
 + Level 2.0 Dodging
 * Level 3.4 Unarmed Combat
 + Level 2.2 Spellcasting
 * Level 2.5 Transmutations


You had 5 spell levels left.
You knew the following spells:

 Your Spells              Type           Power      Damage    Failure   Level
a - Beastly Appendage     Tmut           26%        N/A       9%          1

Your spell library contained the following spells:

 Spells                   Type           Power      Damage    Failure   Level
 Wereblood                Tmut           13%        N/A       12%         2
 Spider Form              Tmut/Pois      7%         N/A       38%         3
 Ice Form                 Ice/Tmut       7%         N/A       80%         4


Dungeon Overview and Level Annotations

Branches:
Dungeon (2/15)

Altars:
Fedhas


Innate Abilities, Weirdness & Mutations

Your plain brown scales are hard. (AC +5)
You cannot fit into any form of body armour.
You are cold-blooded and may be slowed by cold attacks.


Message History

The adder is severely wounded.
The adder bites you. The adder closely misses you.
You closely miss the adder. Your kick misses the adder.
The adder is severely wounded.
The frilled lizard bites you but does no damage.
The adder bites you.
You are lethally poisoned!
The adder poisons you!
You barely miss the adder.
Your tail-slap misses the adder.
The adder is severely wounded.
* * * LOW HITPOINT WARNING * * *
You feel sick. The adder bites you but does no damage.
The frilled lizard misses you.
You closely miss the adder. You headbutt the adder.
You kill the adder!
Your horns disappear.
Your talons disappear.
* * * LOW HITPOINT WARNING * * *
You feel sick. The frilled lizard barely misses you.
You have reached level 3!
Your experience leads to an increase in your attributes!
Increase (S)trength, (I)ntelligence, or (D)exterity?
You feel clever. x2; Your scales feel tougher.
You hit the frilled lizard.
You kill the frilled lizard!
* * * LOW HITPOINT WARNING * * *
You feel sick.
* * * LOW HITPOINT WARNING * * *
You feel sick.
There is a lethal amount of poison in your body!
* * * LOW HITPOINT WARNING * * *
You feel sick.
There is a stone staircase leading up here.
It was a potion of brilliance.
You feel clever all of a sudden.
* * * LOW HITPOINT WARNING * * *
You feel sick.
It was a potion of degeneration.
There was something very wrong with that liquid.
You feel weakened.
You feel dopey.
You feel clumsy.
You die...

#####
#####...#
#.......#
##.##....#
.........#
.......†# #
#.......#.#
#####..@..###
#.......#
#....$.....#.#
#..........#
.#
#..........# #
#..........#
#...........
#..........[.
#..........#.#


There were no monsters in sight!

Vanquished Creatures
  An adder (D:2)
  A dart slug (D:1)
  2 endoplasms (D:1)
  2 giant cockroaches
  2 goblins (D:1)
  A hobgoblin (D:1)
  3 jackals (D:1)
  A quokka (D:1)
  A ball python (D:1)
  4 bats (D:1)
  A frilled lizard (D:2)
  2 kobolds (D:1)
  A rat (D:1)
22 creatures vanquished.

Notes
Turn   | Place    | Note
-------+----------+-------------------------------------------
     0 | D:1      | kae the Draconian Transmuter began the quest for the Orb.
     0 | D:1      | Reached XP level 1. HP: 16/16 MP: 3/3
   306 | D:1      | Reached XP level 2. HP: 23/23 MP: 3/5
   957 | D:1      | Found a blossoming altar of Fedhas.
  1009 | D:2      | Reached XP level 3. HP: 5/28 MP: 6/6
  1012 | D:2      | HP: 1/28 [poisoned by an adder]
  1013 | D:2      | Succumbed to an adder's poison

Illustrated notes

Levels and vault maps discovered:
D:1:      dpeg_arrival_water_altar, layout_loops_ring
D:2:      layout_basic, dreamdust_ecumenical_altar_grove,
          minmay_shallow_snake_nest

Skill      XL: |  1  2 |
---------------+-------+-----
Dodging        | 2 |  2.0
Fighting       | |  1.5
Unarmed Combat | |  3.4
Spellcasting   | |  2.2
Transmutations | |  2.5

Action                   || total
-------------------------++-------
Melee: Unarmed           ||    55
       Kick              ||    12
       Headbutt          ||     5
       Tailslap          ||     4
       Punch             ||     2
 Cast: Beastly Appendage ||    13
  Use: Potion            ||     2
Armor: Skin              ||    20
Dodge: Dodged            ||    33

Table legend: (Time is in decaauts)
 A = Elapsed time spent in this place.
 B = Non-inter-level travel time spent in this place.
 C = Inter-level travel time spent in this place.
 D = Time resting spent in this place.
 E = Time spent auto-exploring this place.
 F = Levels seen in this place.
 G = Mean time per level.
                   A        B        C        D        E       F      G
               +--------+--------+--------+--------+--------+-----+--------+
         Total |   1011 |    979 |     32 |      0 |    853 |   2 |  505.5 |
       Dungeon |   1011 |    979 |     32 |      0 |    853 |   2 |  505.5 |
               +--------+--------+--------+--------+--------+-----+--------+

Top non-repeatable levels by time:
     D:1: 992 daAuts
     D:2: 18 daAuts
